 Dungeon Crawl Stone Soup version 0.30-a0-652-gcc886f7154 (webtiles) character file.

Game seed: 14952249877183155578

779 bmack86 the Chopper (level 7, -13/56 (61) HPs)
             Began as a Minotaur Fighter on Jan 18, 2023.
             Mangled by a wight
             ... wielding a +0 great sword
              (16 damage)
             ... on level 6 of the Dungeon.
             The game lasted 00:12:30 (5361 turns).

bmack86 the Chopper (Minotaur Fighter)              Turns: 5361, Time: 00:12:31

HP:   -13/56 (61)   AC: 11    Str: 27    XL:     7   Next: 54%
MP:   6/6           EV:  9    Int:  5    God:
Gold: 140           SH:  6    Dex:  9    Spells: 6/6 levels left

rFire   . . .      SeeInvis .    a - +0 war axe
rCold   + . .      Faith    .    c - +1 buckler
rNeg    . . .      Spirit   .    b - +0 scale mail
rPois   .          Reflect  .    (helmet restricted)
rElec   .          Harm     .    o - +0 cloak
rCorr   +          Rampage  .    (no gloves)
Will    .....                    n - +1 pair of boots of Untold Secrets {Str+4} Stlth
                                 (no amulet)
HPRegen 0.29/turn                x - ring of protection from cold
MPRegen 0.10/turn                v - ring of resist corrosion

@: drained
A: horns 2, retaliatory headbutt
a: no special abilities


You were on level 6 of the Dungeon.
You visited 2 branches of the dungeon, and saw 7 of its levels.
You also visited: Ossuary.

You collected 283 gold pieces.
You spent 143 gold pieces at shops.

Inventory:

Hand Weapons
 a - a +0 war axe (weapon)
 r - a +0 war axe
Missiles
 l - 6 poisoned darts (quivered)
Armour
 b - a +0 scale mail (worn)
 c - a +1 buckler (worn)
 n - the +1 pair of boots of Untold Secrets (worn) {Str+4}
   (You found it on level 2 of the Dungeon)

   Str:       It affects your strength (+4).
 o - a +0 cloak (worn)
Jewellery
 p - a ring of ice
 q - a ring of magical power
 v - a ring of resist corrosion (right hand)
 x - a ring of protection from cold (left hand)
 C - a ring of magical power
Wands
 m - a wand of flame (26)
Scrolls
 g - 4 scrolls of teleportation
 s - 2 scrolls of fear
 B - a scroll of blinking
Potions
 d - a potion of might
 e - 3 potions of brilliance
 f - 5 potions of curing
 h - a potion of ambrosia
 i - 2 potions of lignification
 j - 2 potions of degeneration {unknown}
 k - 2 potions of attraction
 t - a potion of mutation {unknown}
 u - a potion of invisibility {unknown}
 w - 2 potions of haste
 A - a potion of resistance {unknown}


   Skills:
 + Level 5.5 Fighting
 * Level 6.4 Axes
 + Level 2.8 Throwing
 + Level 5.5 Armour
 + Level 5.5 Shields


You had 6 spell levels left.
You didn't know any spells.
Your spell library contained the following spells:

 Spells                   Type           Power      Damage    Failure   Level
 Beastly Appendage        Tmut           0%         N/A       82%         1
 Wereblood                Tmut           0%         N/A       91%         2
 Spider Form              Tmut/Pois      0%         N/A       99%         3


Dungeon Overview and Level Annotations

Branches:
Dungeon (6/15)             Temple (1/1) D:6         Ossuary (visited)

Altars:
Ashenzari
Cheibriados
Fedhas
Gozag
Hepliaklqana
Kikubaaqudgha
Nemelex Xobeh
Sif Muna
Uskayaw
Wu Jian
Xom
Yredelemnul
Zin
The Shining One

Shops:
D:1 *   D:2 (   D:4 [   D:5 [   D:6 (

Annotations:
D:6 Grinder


Innate Abilities, Weirdness & Mutations

You have a pair of horns on your head.
You reflexively headbutt those who attack you in melee.


Message History

You closely miss the necrophage.
The necrophage is lightly damaged.
The necrophage hits you.
You hit the necrophage. You headbutt the necrophage!
The necrophage is heavily damaged.
The necrophage hits you but does no damage. x2
You slash the necrophage! You headbutt the necrophage.
You destroy the necrophage!
Your life force feels restored.
You see here a necrophage corpse.
A wight comes into view. It is wielding a +3 great sword.
A wight comes into view. It is wielding a +0 great sword.
Found Mogiucs's Weapon Shop.
Found a stone staircase leading down.
Grinder shouts!
You slash the wight!
The wight is heavily damaged.
The wight hits you with a +3 great sword!
You hit the wight.
The wight is heavily damaged.
You block the wight's attack.
You closely miss the wight. Your headbutt misses the wight.
The wight is heavily damaged.
The wight hits you but does no damage.
You hit the wight.
The wight is severely damaged.
You hit the wight.
The wight hits you with a +3 great sword!!
You feel drained.
The wight hits you with a +0 great sword!
* * * LOW HITPOINT WARNING * * *
You feel drained.
* * * LOW HITPOINT WARNING * * *
The wight hits you with a +0 great sword!
* * * LOW HITPOINT WARNING * * *
You block the wight's attack.
You barely miss the wight. Your headbutt misses the wight.
The wight is severely damaged.
You hit the wight. The wight barely misses you.
The wight hits you with a +0 great sword!
You die...

# #.# # .. #.#
## # .# #.#
.## .#.# #.#
..# #######..#
#.# #.#
#.....#..# #.#
..# #.∩.>.#..#
#.# .##
#....5#zz# #.#
.#
#.#######@.#
#.# .#
#.....†.#+#
#.# ##
###.#.#......#
#.# # #
#.#......# #.#
# #####
#.#......#
#....# # #...#
#.#......#
###... # #...#
#.#......#
#.## # #...#
#.###+#### #.#
# #...# #.#
#.# #.#


You could see Grinder and 2 wights.

Vanquished Creatures
  A black bear (D:6)
  An ice beast (D:5)
  A necrophage (D:6)
  An elf skeleton (D:4)
  3 centaur zombies (Ossuary)
  An orc priest (D:4)
  3 human skeletons (D:4)
  2 orc wizards (D:4)
  6 mummies (Ossuary)
  7 adders
  A shadow imp (D:5)
  3 worms
  A dart slug (D:2)
  2 orcs (D:4)
  3 ball pythons
  A bat (D:2)
  10 endoplasms
  A giant cockroach (D:2)
  6 goblins
  7 hobgoblins
  7 kobolds
  10 quokkas
  2 frilled lizards
  2 hobgoblin zombies (Ossuary)
  An orc skeleton (D:4)
  An orc zombie (D:4)
  9 rats
93 creatures vanquished.

Vanquished Creatures (collateral kills)
  A kobold (D:3)
1 creature vanquished.

Grand Total: 94 creatures vanquished

Notes
Turn   | Place    | Note
-------+----------+-------------------------------------------
     0 | D:1      | bmack86 the Minotaur Fighter began the quest for the Orb.
     0 | D:1      | Reached XP level 1. HP: 19/19 MP: 0/0
   219 | D:1      | Reached XP level 2. HP: 25/27 MP: 1/1
   223 | D:1      | Reached skill level 3 in Axes
   333 | D:1      | Found Dioced's Assorted Antiques.
   745 | D:1      | Bought a scroll of identify for 40 gold pieces
   812 | D:2      | Reached XP level 3. HP: 27/33 MP: 2/2
  1095 | D:2      | Found Pehaihag's Weapon Shop.
  1160 | D:2      | Identified the +1 pair of boots of Untold Secrets {Str+4}
  1747 | D:3      | Reached XP level 4. HP: 35/40 MP: 3/3
  1790 | D:3      | You fall into a shaft and drop 3 floors!
  1855 | D:6      | Noticed a black bear
  1862 | D:6      | Killed a black bear
  1863 | D:6      | Reached skill level 4 in Axes
  1863 | D:6      | Reached skill level 1 in Throwing
  1863 | D:6      | Reached XP level 5. HP: 17/47 MP: 4/4
  1982 | D:5      | Entered Level 5 of the Dungeon
  1996 | D:5      | Found Sufrerot's Antique Armour Emporium.
  2009 | D:5      | Bought a cloak for 103 gold pieces
  2078 | D:4      | Found Paor's Armour Shop.
  2263 | D:4      | Reached XP level 6. HP: 52/53 MP: 5/5
  2272 | D:4      | Reached skill level 5 in Axes
  2300 | D:4      | Found a blossoming altar of Fedhas.
  2523 | D:4      | Found a sand-covered staircase.
  2533 | Ossuary  | Entered an ossuary
  2540 | Ossuary  | Reached skill level 5 in Shields
  2541 | Ossuary  | Reached skill level 5 in Fighting
  2545 | Ossuary  | Reached skill level 5 in Armour
  2712 | Ossuary  | Reached XP level 7. HP: 42/61 MP: 6/6
  2820 | D:4      | Reached skill level 6 in Axes
  4845 | D:6      | Found a staircase to the Ecumenical Temple.
  4854 | Temple   | Entered the Ecumenical Temple
  5356 | D:6      | Found Mogiucs's Weapon Shop.
  5356 | D:6      | Noticed Grinder
  5360 | D:6      | HP: 2/56 [wight/+0 great sword (11)]
  5361 | D:6      | Mangled by a wight

Illustrated notes

Levels and vault maps discovered:
D:1:      dpeg_arrival_court, layout_basic, serial_shops, shop_coins
D:2:      layout_rooms, serial_shops, nicolae_square_shop,
          serial_co_window_serial, co_window_paths_a, co_window_paths_a,
          co_window_paths_a, co_window_cross_1, co_window_paths_a,
          co_window_paths_b, co_window_2corner, co_window_broadway_c,
          co_window_corner_b, co_window_4corner_a
D:3:      layout_loops_ring
D:4:      layout_basic, mainiacjoe_overflow_boulevard,
          nicolae_ossuary_entry_catacombs, serial_shops, shop
D:5:      layout_gridville, serial_shops, shop, minmay_misc_feat_pillars
D:6:      layout_basic, minmay_temple_entry_tees, serial_shops,
          nicolae_take_the_stairs, uniq_grinder, uniq_edmund
Temple:   compressed_dpeg_triangle_lava_temple

Skill      XL: |  1  2  3  4  5  6  7 |
---------------+----------------------+-----
Axes           | 3 4 5 6 |  6.4
Fighting       | 4 5 |  5.5
Armour         | 4 5 |  5.5
Shields        | 4 5 |  5.5
Throwing       | 1 2 |  2.8

Action                   |  1- 3 |  4- 6 |  7- 9 || total
-------------------------+-------+-------+-------++-------
Melee: War axe           |    85 |   106 |    58 ||   249
       Headbutt          |    10 |    14 |    14 ||    38
  Use: Scroll            |     7 |     1 |    11 ||    19
Armor: Scale mail        |    53 |    76 |    18 ||   147
Dodge: Dodged            |    33 |    47 |    14 ||    94
Block: Buckler           |    25 |    26 |    12 ||    63

Table legend: (Time is in decaauts)
 A = Elapsed time spent in this place.
 B = Non-inter-level travel time spent in this place.
 C = Inter-level travel time spent in this place.
 D = Time resting spent in this place.
 E = Time spent auto-exploring this place.
 F = Levels seen in this place.
 G = Mean time per level.
                   A        B        C        D        E       F      G
               +--------+--------+--------+--------+--------+-----+--------+
         Total |   5434 |   5133 |    301 |    236 |   3339 |   8 |  679.2 |
       Dungeon |   4858 |   4557 |    301 |    111 |   3045 |   6 |  809.7 |
        Temple |    348 |    348 |      0 |      0 |    294 |   1 |  348.0 |
       Ossuary |    227 |    227 |      0 |    125 |      0 |   1 |  227.0 |
               +--------+--------+--------+--------+--------+-----+--------+

Top non-repeatable levels by time:
     D:4: 1011 daAuts
     D:2: 974 daAuts
     D:5: 909 daAuts
     D:3: 788 daAuts
     D:1: 775 daAuts
     D:6: 399 daAuts
  Temple: 348 daAuts
 Ossuary: 227 daAuts
